 Dungeon Crawl Stone Soup version 0.18-a0-1542-g9c1a92e (webtiles) character file.

139 M4edhros the Insei (level 5, -12/41 HPs)
             Began as a Mummy Monk on Mar 10, 2016.
             Killed by divine providence
             ... invoked by an orc priest
              (13 damage)
             ... on level 3 of the Dungeon.
             The game lasted 00:10:11 (4191 turns).

M4edhros the Insei (Mummy Monk)                     Turns: 4191, Time: 00:10:11

Health: -12/41     AC:  1    Str: 15    XL:     5   Next: 1%
Magic:  5/5        EV: 13    Int:  9    God:
Gold:   124        SH:  0    Dex: 15    Spells: 0 memorised, 4 levels left

rFire  + . .     SeeInvis .       - Unarmed
rCold  . . .     Gourm    .     (no armour)
rNeg   + + +     Faith    .     (no shield)
rPois  ∞         Spirit   .     c - +0 helmet
rElec  .         Dismiss  .     (no cloak)
rCorr  .         Reflect  .     (no gloves)
SustAt .         Harm     .     (no boots)
MR     .....                    (no amulet)
Stlth  ++........               h - ring of protection from fire
                                f - ring of fire

@: not resistant to hostile enchantments, unstealthy
A: no food or potions, fire vulnerability, cold resistance 1, negative energy
resistance 3, torment resistance, unbreathing
a: no special abilities


You were on level 3 of the Dungeon.
You were not hungry.

You visited 1 branch of the dungeon, and saw 3 of its levels.

You collected 124 gold pieces.

Inventory:

Armour
 c - a +0 helmet (worn)
Jewellery
 f - a ring of fire (left hand)
 h - a ring of protection from fire (right hand)
Scrolls
 a - a scroll of remove curse {unknown}
 b - 2 scrolls of random uselessness {unknown}
 d - 3 scrolls of fog {unknown}
 e - a scroll of magic mapping {unknown}
 j - 2 scrolls of identify {unknown}
 k - a scroll of fear {unknown}
 l - a scroll of recharging {unknown}
 m - a scroll of blinking {unknown}
Comestibles
 g - 4 bread rations
 i - 2 meat rations


   Skills:
 - Level 3.0 Fighting
 - Level 2.4 Dodging
 - Level 1.5 Stealth
 + Level 5.2 Unarmed Combat


You had 4 spell levels left.
You didn't know any spells.

Dungeon Overview and Level Annotations

Branches:
Dungeon (3/15)

Altars:
Gozag

Annotations:
D:2 Natasha
D:3 Crazy Yiuf


Innate Abilities, Weirdness & Mutations

You do not eat or drink.
Your flesh is vulnerable to fire.
You are immune to poison.
Your flesh is cold resistant.
You are immune to negative energy.
You are immune to unholy pain and torment.
You can survive without breathing.


Message History

The orc priest invokes the aid of Beogh against you.
Beogh smites you!
* * * LOW HITPOINT WARNING * * *
The bat hits you.
* * * LOW HITPOINT WARNING * * *
You see here a hobgoblin corpse.
The bat closely misses you.
Read which item? (? for menu, Esc to quit)
Okay, then.
You can't drink.
The bat barely misses you.
The orc priest calls down the wrath of Beogh upon you.
Beogh smites you!
* * * LOW HITPOINT WARNING * * *
Things that are here:
a mace; a ring mail; a stone The bat closely misses you.
The orc priest invokes the aid of Beogh against you.
Beogh smites you!
You die...

.♣..♣#...# #. ≈≈≈# ≈≈# ♣.♣♣♣
### #. #####.###.## ♣♣♣ #.##
#..#...#...#.
..###...)........ #
###########.##.............
###.......#.#.##.............
....#####.#.#.(....†.o.......
###............##b.#o..#...#
####.........)@####.## .##
##............# ≈≈≈#
#.............# ≈≈≈≈.≈
#.............#..P≈≈≈≈≈
#.............#...P≈≈≈.P≈
#.....).......##P#.......
##.......[.....##.#..P#P..
###..............#
....###..........#


You could see an orc priest and a bat.

Vanquished Creatures
  Natasha (D:2)
  3 adders (D:3)
  A worm (D:2)
  A dart slug (D:2)
  4 giant geckos
  2 orcs (D:3)
  A ball python (D:1)
  4 giant cockroaches
  16 goblins
  8 hobgoblins
  4 jackals (D:3)
  6 kobolds
  A quokka (D:3)
  6 bats
  A giant newt (D:3)
  8 rats
67 creatures vanquished.

Notes
Turn   | Place    | Note
--------------------------------------------------------------
     0 | D:1      | M4edhros the Mummy Monk began the quest for the Orb.
     0 | D:1      | Reached XP level 1. HP: 18/18 MP: 1/1
   385 | D:1      | Reached XP level 2. HP: 22/24 MP: 2/2
   742 | D:1      | Reached skill level 4 in Unarmed Combat
  1200 | D:1      | Reached XP level 3. HP: 29/29 MP: 3/3
  2026 | D:2      | Found an opulent altar of Gozag.
  2199 | D:3      | Noticed Natasha
  2207 | D:2      | Killed Natasha
  2207 | D:2      | Reached XP level 4. HP: 10/35 MP: 4/4
  2225 | D:2      | Noticed Natasha
  3169 | D:3      | Reached skill level 5 in Unarmed Combat
  3756 | D:3      | Noticed Crazy Yiuf
  4155 | D:3      | Reached XP level 5. HP: 29/41 MP: 5/5
  4190 | D:3      | HP: 1/41 [orc priest/divine providence (11)]
  4191 | D:3      | Killed from afar by an orc priest

Vault maps used:
D:1:      saegor_arrival_simple_b
D:2:      grunt_gozag_statues, hangedman_abyss_or_decor_lesser_grid
D:3:      wad_lake_hut, nrook_mini_backslash, uniq_crazy_yiuf_cottage,
          uniq_natasha, uniq_robin

Skill      XL: |  1  2  3  4 |
---------------+-------------+-----
Unarmed Combat | 4 5 |  5.2
Fighting       | |  3.0
Dodging        | |  2.4
Stealth        | |  1.5

Action                   |  1- 3 |  4- 6 || total
-------------------------+-------+-------++-------
Melee: Unarmed           |   130 |   132 ||   262
 Stab: Sleeping          |     5 |     1 ||     6
